 Dungeon Crawl Stone Soup version 0.28.0-53-g5a82cb258f (console) character file.

Game seed: 6415548466451729951

7403 Banquo the Thaumaturge (level 10, -4/58 HPs)
             Began as a Deep Elf Fire Elementalist on July 25, 2022.
             Was a Follower of Vehumet.
             Slain by a boulder beetle (30 damage)
             ... on level 1 of the Lair of Beasts.
             The game lasted 00:46:32 (11604 turns).

Banquo the Thaumaturge (DEFE)                      Turns: 11604, Time: 00:46:32

Health: -4/58      AC:  7    Str: 12    XL:     10   Next: 92%
Magic:  19/28      EV: 16    Int: 25    God:    Vehumet [*.....]
Gold:   316        SH:  0    Dex: 19    Spells: 23/34 levels left

rFire   . . .      SeeInvis .   c - +3 short sword (holy)
rCold   . . .      Faith    .   (no shield)
rNeg    . . .      Spirit   .   d - +1 robe "Geul" {Harm rElec Str+7 Dex-2}
rPois   .          Reflect  .   h - +2 helmet
rElec   +          Harm     +   e - +0 cloak
rCorr   .          Rampage  .   (no gloves)
Will    +....                   (no boots)
Stlth   ++........              (no amulet)
HPRegen 0.19/turn               b - +6 ring of dexterity
MPRegen 0.21/turn               (no ring)

@: no status effects
A: no striking features
a: Renounce Religion


You were on level 1 of the Lair of Beasts.
You worshipped Vehumet.
Vehumet was aware of your devotion.
You visited 3 branches of the dungeon, and saw 11 of its levels.
You also visited: Ossuary.

You collected 475 gold pieces.
You spent 159 gold pieces at shops.

Inventory:

Hand Weapons
 a - a +2 trident of flaming
 c - a +3 short sword of holy wrath (weapon)
 N - a +2 short sword of venom
Missiles
 j - 28 poisoned darts
 t - 232 stones
 M - a throwing net
 U - 3 boomerangs
Armour
 d - the +1 robe "Geul" (worn) {Harm rElec Str+7 Dex-2}
   (You bought it in a shop on level 7 of the Dungeon)

   Str:       It affects your strength (+7).
   Dex:       It affects your dexterity (-2).
   rElec:     It insulates you from electricity.
   Harm:      It increases damage dealt and taken.
 e - a +0 cloak (worn)
 h - a +2 helmet (worn)
Magical Staves
 k - a staff of poison
Jewellery
 b - a +6 ring of dexterity (left hand)
Wands
 u - a wand of flame (41)
 H - a wand of iceblast (9)
 L - a wand of mindburst (10)
 W - a wand of acid (7)
Scrolls
 f - 2 scrolls of fog
 l - a scroll of immolation {unknown}
 o - 4 scrolls of teleportation
 w - a scroll of fear
 I - a scroll of torment {unknown}
 R - a scroll of acquirement {unknown}
Potions
 g - 5 potions of might
 i - 2 potions of haste
 m - a potion of invisibility
 n - 3 potions of brilliance
 s - 8 potions of curing
 v - 6 potions of flight
 z - a potion of degeneration {unknown}
 A - 2 potions of resistance
 D - 4 potions of heal wounds
 E - a potion of lignification {unknown}
 F - 2 potions of magic


   Skills:
 * Level 4.8 Fighting
 * Level 7.3 Dodging
 - Level 2.4 Stealth
 + Level 12.5 Spellcasting
 * Level 7.9 Conjurations
 + Level 10.0 Fire Magic


You had 23 spell levels left.
You knew the following spells:

 Your Spells              Type           Power      Damage    Failure   Level
a - Magic Dart            Conj           100%       1d8       1%          1
b - Scorch                Fire           100%       2d10      1%          2
f - Conjure Flame         Conj/Fire      57%        6-21      1%          3
w - Flame Wave            Conj/Fire      57%        2d11      1%          4
z - Foxfire               Conj/Fire      100%       2x1d9     1%          1

Your spell library contained the following spells:

 Spells                   Type           Power      Damage    Failure   Level
 Inner Flame              Hex/Fire       40%        N/A       1%          3


Dungeon Overview and Level Annotations

Branches:
Dungeon (9/15)             Temple (1/1) D:6            Lair (1/6) D:8
Ossuary (visited)
    Orc: D:9-12

Altars:
Ashenzari
Dithmenos
Elyvilon
Fedhas
Gozag
Hepliaklqana
Kikubaaqudgha
Makhleb
Nemelex Xobeh
Okawaru
Qazlal
Ru
Sif Muna
Trog
Uskayaw
Vehumet
Wu Jian
Xom
Yredelemnul
Zin
The Shining One

Shops:
D:4 :   D:7 [

Annotations:
D:6 2 transporters, Martska's ghost, amateur HuWr


Message History

Found a stone staircase leading down.
Found an ornate altar of the Wu Jian Council.
A boulder beetle comes into view.
The boulder beetle curls into a ball and begins rolling!
Casting: Scorch (safe; 1% risk of failure)
Confirm with . or Enter, or press ? or * to list all spells.
The fire begins to smoulder!
The fire ignites!
Casting: Conjure Flame (safe; 1% risk of failure)
Confirm with . or Enter, or press ? or * to list all spells.
You conjure some foxfire!
The boulder beetle is engulfed in blazing flames.
The boulder beetle misses you.
The boulder beetle stops rolling and uncurls.
Unknown command.
Casting: Scorch (safe; 1% risk of failure)
Press: ? - help, Q - select action, (/) - cycle Dir - look around, f - activate Flames lash the boulder beetle.
The boulder beetle is lightly wounded.
The boulder beetle's fire resistance burns away.
The foxfire hits the boulder beetle but does no damage.
The boulder beetle is lightly wounded.
The foxfire hits the boulder beetle but does no damage.
The boulder beetle is lightly wounded.
The boulder beetle is engulfed in blazing flames.
The boulder beetle bites you!!
Ouch! That really hurt!
Casting: Scorch (safe; 1% risk of failure)
Confirm with . or Enter, or press ? or * to list all spells.
Casting: Flame Wave (dangerous; 1% risk of failure)
Press: ? - help, Dir - look around, f - activate A wave of flame ripples out!
The flame wave engulfs the boulder beetle but does no damage.
The boulder beetle is moderately wounded. (Press . to intensify the flame waves.)
You hear a roar!
The boulder beetle is engulfed in blazing flames.
The boulder beetle bites you!!
Ouch! That really hurt!
You die...

.≈.°. # .≈.≈ .# .≈○ ##.# #
.°##...### . #. °#.......
.. #.#B....... .. #$..○#
.. #######.### ### ### #.
........B@#####.#####.###.
.......................†..
.......................†..
.......>##########.######.
........# P######.####....
......... ................
......... .#########.#.#..
#####.##. #####.. ## ##..


You could see a boulder beetle (combustible).

Vanquished Creatures
  A two-headed ogre (D:8)
  A cane toad (Lair:1)
  2 komodo dragons
  A hornet (D:9)
  Grinder (D:3)
  A wyvern (D:8)
  A basilisk (Lair:1)
  8 yaks (Lair:1)
  Edmund (D:5)
  4 water moccasins
  A hornet zombie (D:8)
  2 ice beasts (D:6)
  A black bear (D:5)
  An ogre (D:7)
  2 centaurs (D:9)
  A phantom (D:7)
  3 kobold brigands
  6 bullfrogs
  A wyvern zombie (D:5)
  2 scorpions
  3 water moccasin zombies
  A water moccasin skeleton (D:6)
  5 killer bees (D:9)
  A howler monkey (D:4)
  15 wights
  2 vampire bats (D:5)
  A bullfrog zombie (D:6)
  4 orc priests
  A gnoll shaman (D:8)
  2 hounds
  3 jellies (D:5)
  Jessica (D:3)
  2 iguanas
  4 orc wizards
  2 mummies (Ossuary)
  5 gnolls
  9 adders
  A howler monkey skeleton (D:6)
  A worm zombie (D:6)
  2 adder skeletons (D:4)
  5 adder zombies
  A worm (D:3)
  3 dart slugs
  29 orcs
  14 bats
  7 endoplasms
  2 giant cockroaches
  5 gnoll zombies (Ossuary)
  7 goblins
  9 hobgoblins
  2 jackals (D:1)
  22 kobolds
  4 quokkas
  10 ball pythons
  4 frilled lizards
  5 hobgoblin zombies (Ossuary)
  7 kobold zombies (Ossuary)
  5 orc zombies (Ossuary)
  5 rats
252 creatures vanquished.

Vanquished Creatures (collateral kills)
  A cane toad (Lair:1)
1 creature vanquished.

Vanquished Creatures (others)
  546 foxfires
  A fungus (Lair:1)
  17 plants
564 creatures vanquished.

Grand Total: 817 creatures vanquished

Notes
Turn   | Place    | Note
-------+----------+-------------------------------------------
     0 | D:1      | Banquo the Deep Elf Fire Elementalist began the quest for
                  | the Orb.
     0 | D:1      | Reached XP level 1. HP: 10/10 MP: 6/6
   149 | D:1      | Reached XP level 2. HP: 15/15 MP: 5/8
   434 | D:1      | Learned a level 2 spell: Scorch
   606 | D:1      | You fall into a shaft and drop 1 floor!
   611 | D:2      | Reached XP level 3. HP: 19/19 MP: 5/9
   615 | D:2      | Learned a level 3 spell: Conjure Flame
   728 | D:2      | Found a faded altar of an unknown god.
  1498 | D:3      | Reached XP level 4. HP: 24/24 MP: 0/11
  1612 | D:3      | Reached skill level 4 in Spellcasting
  1711 | D:3      | Noticed Grinder
  1919 | D:3      | Noticed Jessica
  2266 | D:3      | Reached XP level 5. HP: 28/28 MP: 1/14
  2480 | D:3      | Killed Jessica
  2481 | D:3      | Reached skill level 5 in Spellcasting
  2493 | D:3      | Killed Grinder
  2494 | D:3      | Reached skill level 6 in Spellcasting
  2494 | D:3      | Reached skill level 5 in Fire Magic
  2494 | D:3      | Reached XP level 6. HP: 32/32 MP: 9/17
  3305 | D:4      | Noticed a water moccasin
  3308 | D:4      | Killed a water moccasin
  3309 | D:4      | Reached XP level 7. HP: 36/36 MP: 10/19
  3587 | D:4      | Reached skill level 7 in Spellcasting
  3868 | D:4      | Found Warri's Self-Improvement Boutique.
  3947 | D:4      | Learned a level 4 spell: Flame Wave
  4309 | D:5      | Entered Level 5 of the Dungeon
  4403 | D:5      | Reached skill level 1 in Fighting
  4521 | D:5      | Noticed Edmund
  4531 | D:5      | Killed Edmund
  4611 | D:5      | Found a blossoming altar of Fedhas.
  4670 | D:5      | Reached XP level 8. HP: 43/43 MP: 16/21
  4760 | D:5      | Reached skill level 8 in Spellcasting
  5455 | D:6      | Reached skill level 5 in Conjurations
  5585 | D:6      | Found a sand-covered staircase.
  5595 | D:6      | Reached skill level 9 in Spellcasting
  5683 | Ossuary  | Entered an ossuary
  6183 | D:6      | Noticed a hornet
  6204 | D:6      | Noticed Martska's ghost (amateur HuWr)
  6222 | D:6      | Found a staircase to the Ecumenical Temple.
  6236 | Temple   | Entered the Ecumenical Temple
  6526 | D:6      | Found a transporter.
  6526 | D:6      | Found a transporter.
  6852 | D:7      | Reached XP level 9. HP: 49/49 MP: 17/24
  7111 | D:6      | Reached skill level 5 in Dodging
  7187 | D:7      | Found an iron altar of Okawaru.
  7363 | D:7      | Found Moedduluv's Antique Armour Emporium.
  7366 | D:7      | Bought a distressingly furry robe for 159 gold pieces
  7366 | D:7      | Identified the +1 robe "Geul" {Harm rElec Str+7 Dex-2} (You
                  | bought it in a shop on level 7 of the Dungeon)
  7539 | D:7      | Found a radiant altar of Vehumet.
  7540 | D:7      | Found a shadowy altar of Dithmenos.
  7544 | D:7      | Became a worshipper of Vehumet
  7888 | D:7      | Found Moedduluv's Antique Armour Emporium.
  7970 | D:7      | Found an iron altar of Okawaru.
  8042 | D:7      | Found a radiant altar of Vehumet.
  8047 | D:7      | Found a shadowy altar of Dithmenos.
  8172 | D:8      | Noticed a two-headed ogre
  8249 | D:8      | Found a staircase to the Lair.
  8250 | D:8      | Noticed a komodo dragon
  8397 | D:8      | Killed a two-headed ogre
  8398 | D:8      | Reached skill level 10 in Spellcasting
  8726 | D:8      | Killed a komodo dragon
  8727 | D:8      | Reached skill level 11 in Spellcasting
  9015 | D:8      | Reached XP level 10. HP: 56/56 MP: 20/27
  9353 | D:8      | Reached * piety under Vehumet
  9353 | D:8      | Offered knowledge of Magic Dart by Vehumet.
  9356 | D:8      | Learned a level 1 spell: Magic Dart
 10189 | D:9      | Found a glowing silver altar of Zin.
 10843 | D:9      | Found a shimmering altar of Xom.
 11199 | Lair:1   | Entered Level 1 of the Lair of Beasts
 11250 | Lair:1   | Noticed a cane toad
 11251 | Lair:1   | Reached skill level 12 in Spellcasting
 11255 | Lair:1   | Killed a cane toad
 11319 | Lair:1   | Noticed a cane toad
 11324 | Lair:1   | Killed a cane toad
 11424 | Lair:1   | Reached skill level 10 in Fire Magic
 11596 | Lair:1   | Found an ornate altar of the Wu Jian Council.
 11597 | Lair:1   | Noticed a boulder beetle
 11604 | Lair:1   | Slain by a boulder beetle

Illustrated notes

Levels and vault maps discovered:
D:1:      amcnicky_arrival_double_pillar, layout_loops_cross,
          minmay_misc_feat_secret_circle
D:2:      layout_basic, hellmonk_ecumenical_altar_run_dry
D:3:      minmay_razor_zed, layout_rooms, uniq_jessica, uniq_grinder
D:4:      layout_rooms, kennysheep_nondescript, nicolae_shop_self_help
D:5:      layout_gridville, mainiacjoe_overflow_alcove_2, roderic_batcave,
          hangedman_abyss_or_decor_jellyfish_corner, kennysheep_doodads,
          uniq_edmund
D:6:      layout_basic, minmay_temple_entry_antechambers, gammafunk_ghost_hive,
          enter_ossuary_3
D:7:      layout_rooms, okawaru_metal_pillars_1_2,
          mainiacjoe_overflow_divided_tiny, serial_shops, kennysheep_mini_moat,
          solitary_fountain
D:8:      lemuel_ice_spiral_2, layout_basic, david_lair_shrubbed
D:9:      layout_small_grid, zin_statuary, lemuel_round_altar
Temple:   nicolae_temple_no_exploring_needed
Lair:1:   layout_long_grid, nzn_masters_of_martial_movement

Skill      XL: |  1  2  3  4  5  6  7  8  9 10 |
---------------+-------------------------------+-----
Fire Magic     | 4 5 6 7 8 10 | 10.0
Conjurations   | 2 3 4 5 6 7 |  7.9
Spellcasting   | 4 6 7 9 11 12 | 12.5
Fighting       | 1 2 3 4 |  4.8
Dodging        | 3 4 6 7 |  7.3
Stealth        | |  2.4

Action                   |  1- 3 |  4- 6 |  7- 9 | 10-12 || total
-------------------------+-------+-------+-------+-------++-------
Melee: Unarmed           |     1 |       |       |       ||     1
       Staff             |     1 |       |       |       ||     1
       Short sword       |       |       |       |     3 ||     3
 Cast: Foxfire           |    52 |    29 |   169 |    71 ||   321
       Scorch            |    13 |    36 |    98 |    25 ||   172
       Flame Wave        |       |       |    10 |    11 ||    21
       Conjure Flame     |       |       |     1 |     3 ||     4
  Use: Scroll            |       |       |    14 |     4 ||    18
 Stab: Sleeping          |       |       |       |     2 ||     2
Armor: Robe              |       |     1 |    10 |     8 ||    19
Dodge: Dodged            |     1 |     5 |    21 |    25 ||    52
